Map: Emerald City LE

Players

Scalarfield

  • Race: Terran Terran
  • Spawn Location: 11:00

WhiZerg

  • Race: Protoss Protoss
  • League: Diamond
  • Spawn Location: 11:00

qqq - Winner!

  • Race: Zerg Zerg
  • League: Platinum
  • Spawn Location: 5:00

Massa - Winner!

  • Race: Terran Terran
  • League: Platinum
  • Spawn Location: 5:00

VOD

Have the link to the VOD?

Description

Time

  • Played on: Nov. 30, 2020, 3:21 p.m.
  • Length: 17:19
Show
View Real Time Build Order
Export as new Build Order

Scalarfield Terran 

Build Orders: Reaper Expand 

Get SALT Encoding   

  12  0:00  SCV  
  13  0:12  SCV  
  14  0:17  Supply Depot  
  14  0:24  SCV  
  15  0:38  SCV  
  15  0:40  Barracks  
  16  0:45  Refinery  
  16  0:53  SCV  
  17  1:08  SCV  
  18  1:20  SCV  
  18  1:33  Reaper  
  18  1:36  Orbital Command  
  19  1:41  Refinery  
  19  1:47  Supply Depot  
  19  2:03  Command Center  
  19  2:04  SCV  
  20  2:11  Marine  
  21  2:17  Factory  
  21  2:21  SCV  
  22  2:33  SCV  
  23  2:45  Barracks Tech Lab  
  23  2:56  Supply Depot  
  23  2:57  SCV  
  24  3:09  SCV  
  24  3:12  Refinery  
  25  3:13  Siege Tank  
  25  3:16  Orbital Command  
  28  3:21  SCV  
  29  3:33  SCV  
  30  3:45  SCV  
  30  3:46  Starport, SCV  
  32  3:57  SCV  
  33  4:04  SCV  
  34  4:10  SCV  
  34  4:16  SCV  
  36  4:21  Command Center  
  36  4:22  SCV  
  37  4:28  SCV  
  38  4:34  SCV, Supply Depot  
  39  4:40  Barracks Tech Lab, Siege Tank  
  39  4:42  Starport Reactor  
  39  4:44  Factory  
  42  4:47  Armory  
  42  4:48  Armory  
  42  4:49  SCV x2  
  44  5:01  SCV  
  44  5:03  Supply Depot  
  45  5:10  SCV  
  45  5:12  Siege Tank  
  45  5:13  Refinery  
  49  5:16  SCV  
  49  5:21  Viking x2  
  54  5:22  SCV  
  56  5:28  SCV  
  56  5:35  SCV  
  57  5:36  Orbital Command  
  57  5:40  SCV  
  58  5:45  Command Center  
  58  5:47  SCV  
  59  5:50  Supply Depot  
  59  5:52  Terran Vehicle Weapons Level 1  
  59  5:56  Orbital Command  
  59  5:59  Terran Vehicle And Ship Armor Level 1  
  59  6:01  SCV, Engineering Bay  
  59  6:02  SCV  
  61  6:13  Siege Tank x2  
  61  6:14  SCV  
  61  6:15  Viking  
  70  6:20  Supply Depot  
  70  6:26  Supply Depot  
  70  6:29  Viking  
  72  6:35  SCV x2  
  72  6:37  SCV  
  75  6:45  Thor  
  81  6:47  SCV  
  82  6:55  Viking  
  82  7:00  Missile Turret  
  84  7:09  Orbital Command, Missile Turret  
  84  7:15  Missile Turret  
  84  7:19  Missile Turret  
  84  7:20  Missile Turret  
  84  7:24  Missile Turret  
  84  7:28  Thor  
  84  7:29  Viking  
  92  7:30  Viking  
  94  7:39  SCV x2  
  94  7:41  SCV x2  
  98  7:51  SCV, Missile Turret  
  98  7:55  Refinery x2, SCV x2  
  101  8:00  Supply Depot  
  101  8:03  Starport, Terran Vehicle Weapons Level 2  
  101  8:05  Terran Vehicle And Ship Armor Level 2  
  101  8:12  SCV x2  
  103  8:13  SCV  
  103  8:16  Thor  
  110  8:23  Supply Depot  
  110  8:30  Orbital Command  
  110  8:46  Missile Turret  
  110  8:51  Starport Tech Lab  
  110  8:52  Command Center  
  110  8:55  Factory  
  109  9:06  Missile Turret  
  109  9:09  Barracks Tech Lab  
  105  9:20  SCV x4  
  105  9:21  Thor x2  
  105  9:22  Viking x2  
  114  9:44  Factory  
  114  9:46  SCV x4  
  114  9:52  Viking  
  120  9:56  Hellion  
  120  9:58  SCV x3  
  125  10:00  Viking x2  
  125  10:04  Thor x2  
  141  10:07  Fusion Core  
  141  10:11  Planetary Fortress  
  141  10:16  SCV x3  
  141  10:17  Command Center  
  141  10:18  Hellion  
  146  10:22  Viking  
  142  10:42  Factory Tech Lab  
  142  10:46  Thor  
  142  10:47  Thor  
  143  11:15  Viking  
  143  11:16  Viking x2  
  149  11:24  SCV, Factory  
  149  11:25  SCV x3  
  153  11:29  Thor  
  153  11:32  Refinery  
  159  11:34  Refinery  
  159  11:35  Missile Turret  
  159  11:37  Planetary Fortress, Missile Turret x2  
  159  11:38  SCV  
  159  11:39  SCV x2  
  162  11:51  Starport  
  162  11:53  Starport  
  162  11:54  Starport  
  162  11:56  Missile Turret  
  162  11:58  Missile Turret  
  162  12:03  Missile Turret  
  162  12:08  Factory Tech Lab  
  162  12:20  SCV x3  
  161  12:24  Missile Turret  
  161  12:32  Starport Tech Lab  
  161  12:36  Starport Tech Lab  
  161  12:37  Starport Tech Lab  
  161  12:44  Missile Turret  
  161  12:45  Starport  
  161  12:46  Sensor Tower  
  161  12:52  Sensor Tower  
  155  13:01  Missile Turret  
  155  13:19  Thor x2  
  119  13:20  Thor  
  103  13:29  Thor x2  
  103  13:31  Starport Tech Lab, Sensor Tower  
  101  13:58  Viking  
  101  14:02  Thor x3  
  98  14:03  Viking  
  118  14:11  Thor  
  118  14:12  Thor  
  130  14:30  SCV x3  
  133  14:35  Orbital Command  
  133  14:36  Viking  
  133  14:37  Viking x2  
  139  14:42  SCV, Command Center  
  139  14:44  Supply Depot  
  140  14:45  Supply Depot  
  140  14:46  Supply Depot  
  140  14:47  Supply Depot  
  140  14:53  Supply Depot  
  140  15:05  SCV x2, Viking x3  
  148  15:07  SCV, Viking  
  148  15:08  Thor  
  148  15:10  Viking x2  
  96  15:48  Thor  
  70  15:55  Planetary Fortress  
  70  15:56  SCV  
  70  15:57  SCV x2  
  60  16:09  SCV x2  
  56  16:12  SCV  
  50  16:21  SCV x2  
  50  16:24  SCV  
  52  16:25  Hellion  
  52  16:28  Hellion x3  
  52  16:29  Viking x4  
  52  16:32  Hellion  
  66  16:33  SCV x2  
  66  16:36  SCV  
  62  16:45  SCV x2  
  55  16:47  Hellion  
  55  16:49  SCV, Hellion x3  
  46  16:57  SCV x2  
Show
View Real Time Build Order
Export as new Build Order

WhiZerg Protoss 

Build Orders: Oracle Opening, Phoenix Opening, Colossus Rush 

Get SALT Encoding   

  12  0:01  Probe  
  13  0:13  Probe  
  14  0:19  Pylon  
  14  0:25  Probe  
  15  0:37  Probe (Chrono Boost)  
  15  0:40  Gateway  
  16  0:45  Assimilator  
  16  0:49  Probe (Chrono Boost)  
  17  0:58  Probe (Chrono Boost)  
  17  1:03  Probe  
  19  1:16  Probe  
  20  1:27  Cybernetics Core  
  20  1:30  Probe  
  21  1:36  Assimilator  
  21  1:40  Pylon  
  21  1:42  Probe  
  22  1:55  Probe  
  23  2:01  Cybernetics Core  
  23  2:07  Probe  
  24  2:19  Probe, Warp Gate, Adept  
  27  2:28  Nexus  
  27  2:35  Stargate  
  26  2:40  Probe  
  27  2:52  Probe  
  27  2:56  Pylon  
  28  3:05  Probe  
  29  3:16  Oracle (Chrono Boost)  
  29  3:17  Probe  
  33  3:20  Pylon  
  33  3:29  Probe (Chrono Boost)  
  33  3:30  Gateway  
  33  3:31  Gateway  
  34  3:41  Probe (Chrono Boost)  
  35  3:46  Probe (Chrono Boost)  
  35  3:48  Phoenix  
  38  3:49  Probe (Chrono Boost)  
  40  3:55  Probe (Chrono Boost)  
  40  4:00  Probe (Chrono Boost)  
  42  4:03  Pylon  
  42  4:04  Probe (Chrono Boost)  
  42  4:05  Robotics Facility  
  42  4:08  Probe (Chrono Boost)  
  43  4:11  Probe (Chrono Boost)  
  43  4:16  Assimilator  
  44  4:18  Probe  
  44  4:23  Assimilator  
  44  4:24  Shield Battery  
  45  4:25  Probe  
  45  4:26  Sentry  
  45  4:30  Sentry  
  50  4:32  Probe  
  51  4:40  Probe  
  51  4:44  Probe  
  54  4:52  Probe  
  54  4:54  Robotics Bay  
  54  4:56  Probe  
  54  4:58  Pylon  
  55  5:04  Probe  
  56  5:08  Probe  
  56  5:10  Forge  
  57  5:17  Probe  
  57  5:20  Probe  
  59  5:29  Probe  
  59  5:31  Nexus  
  60  5:37  Probe  
  60  5:39  Observer (Chrono Boost)  
  60  5:41  Probe  
  63  5:46  Gateway x2  
  63  5:49  Protoss Ground Armor Level 1 (Chrono Boost)  
  64  5:50  Probe  
  64  5:51  Twilight Council  
  64  5:53  Probe  
  64  5:54  Extended Thermal Lance (Chrono Boost)  
  65  5:57  Colossus (Chrono Boost)  
  65  6:02  Probe  
  72  6:05  Probe  
  73  6:14  Probe  
  73  6:17  Probe  
  75  6:22  Pylon  
  75  6:25  Pylon  
  75  6:26  Probe  
  75  6:29  Probe  
  77  6:34  Pylon  
  77  6:38  Probe, Pylon  
  78  6:40  Photon Cannon  
  78  6:41  Probe  
  78  6:44  Photon Cannon  
  78  6:45  Photon Cannon  
  79  6:49  Phoenix  
  81  6:54  Photon Cannon  
  81  7:01  Probe, Blink (Chrono Boost), Shield Battery  
  82  7:09  Probe, Photon Cannon, Phoenix  
  82  7:12  Assimilator  
  83  7:16  Assimilator  
  83  7:20  Photon Cannon  
  84  7:26  Probe  
  84  7:28  Templar Archives  
  84  7:29  Probe  
  86  7:37  Colossus  
  86  7:38  Phoenix  
  94  7:45  Probe  
  95  7:52  Nexus  
  95  7:53  Pylon  
  95  7:56  Probe  
  96  7:58  Psionic Storm, Stalker x4  
  96  8:01  Stalker  
  106  8:06  Probe  
  106  8:08  Probe  
  108  8:14  Gateway  
  108  8:15  Pylon  
  108  8:18  Probe, Gateway  
  109  8:24  Probe x2  
  111  8:31  Probe, Protoss Ground Armor Level 2  
  111  8:32  Stargate  
  111  8:33  Stargate  
  112  8:39  Forge  
  112  8:40  Pylon  
  111  8:46  Pylon  
  111  8:47  High Templar x3  
  116  8:49  High Templar  
  116  8:50  Probe  
  116  8:52  Archon  
  119  9:00  Probe  
  119  9:02  Probe  
  121  9:03  Probe  
  120  9:16  Archon  
  103  9:21  High Templar x2, Zealot x2  
  103  9:22  Zealot x3  
  117  9:24  Probe  
  117  9:26  Assimilator  
  117  9:29  Probe, Assimilator  
  117  9:30  Gateway  
  119  9:32  Gateway, Pylon  
  119  9:36  Probe  
  116  9:44  Probe  
  116  9:45  Pylon  
  116  9:47  Dark Shrine  
  116  9:49  Zealot x5  
  126  9:55  Probe (Chrono Boost)  
  126  9:58  Probe (Chrono Boost)  
  126  9:59  Gateway x2  
  128  10:00  Probe (Chrono Boost)  
  128  10:01  Gateway  
  128  10:02  Gateway  
  128  10:05  Probe (Chrono Boost), Gateway  
  131  10:10  Probe (Chrono Boost)  
  131  10:11  Probe (Chrono Boost), Pylon  
  132  10:14  Pylon  
  132  10:16  Probe  
  132  10:18  High Templar x3  
  132  10:19  High Templar x4  
  145  10:21  Probe  
  145  10:23  Photon Cannon  
  145  10:26  Shield Battery  
  142  10:31  Probe  
  135  10:43  Probe, Nexus  
  135  10:45  Photon Cannon  
  135  10:49  Photon Cannon  
  136  10:51  Archon x2  
  136  10:58  Zealot x3  
  136  10:59  Zealot x3  
  148  11:04  Nexus  
  148  11:15  Probe, Shadow Stride (Chrono Boost)  
  148  11:17  Probe  
  150  11:19  Warp Prism  
  150  11:22  Probe x2  
  150  11:24  Protoss Ground Weapons Level 1 (Chrono Boost)  
  150  11:25  Protoss Ground Armor Level 3 (Chrono Boost)  
  154  11:27  Void Ray, Pylon  
  154  11:30  Pylon  
  154  11:32  Assimilator  
  152  11:36  Fleet Beacon  
  152  11:37  Assimilator, Gravitic Drive  
  152  11:38  Probe  
  147  11:40  Dark Templar x2  
  151  11:48  Probe  
  151  11:49  High Templar x2  
  156  11:57  Dark Templar x4  
  156  12:00  Photon Cannon  
  164  12:02  Shield Battery  
  164  12:04  Pylon  
  164  12:07  Dark Templar  
  156  12:17  Probe  
  156  12:18  Probe x2  
  156  12:19  Photon Cannon  
  156  12:21  Void Ray x3  
  156  12:22  Photon Cannon  
  157  12:25  Shield Battery  
  157  12:26  Observer  
  157  12:28  Shield Battery  
  157  12:29  Probe  
  169  12:41  Probe  
  170  12:50  Assimilator  
  170  12:51  Assimilator  
  170  12:58  Void Ray x2  
  178  13:10  Stargate  
  178  13:11  Stargate  
  178  13:12  Photon Cannon  
  178  13:14  Photon Cannon  
  178  13:15  Stargate  
  178  13:20  Pylon  
  142  13:39  Archon  
  124  13:42  Dark Templar x3  
  124  13:44  Void Ray x3  
  124  13:45  Dark Templar x3  
  124  13:47  Void Ray, Dark Templar  
  124  13:48  Void Ray  
  144  14:02  Cybernetics Core  
  140  14:08  Protoss Air Weapons Level 1 (Chrono Boost)  
  132  14:21  Void Ray  
  130  14:25  Probe  
  130  14:31  Probe  
  136  14:37  Void Ray x3  
  132  14:41  Flux Vanes  
  132  14:44  Protoss Ground Weapons Level 2, Photon Cannon  
  144  14:46  Photon Cannon, Pylon  
  144  14:48  Photon Cannon  
  144  14:49  Photon Cannon  
  143  14:53  Pylon  
  139  15:00  Protoss Air Armor Level 1 (Chrono Boost)  
  139  15:02  Zealot x7  
  153  15:13  Void Ray (Chrono Boost)  
  158  15:15  Void Ray (Chrono Boost)  
  158  15:19  High Templar x3  
  163  15:24  Void Ray (Chrono Boost)  
  168  15:31  Charge  
  166  15:46  Shield Battery  
  166  15:47  Pylon  
  165  15:51  Void Ray  
  165  15:53  Nexus, Void Ray  
  165  15:54  Shield Battery  
  163  16:06  Archon  
  163  16:08  Void Ray x2  
  155  16:20  Zealot x4  
  155  16:21  Zealot, Dark Templar  
  155  16:22  Zealot x5, Dark Templar  
  171  16:40  Photon Cannon  
  171  16:42  Photon Cannon  
  171  16:43  Photon Cannon  
  171  16:46  Photon Cannon  
  165  16:48  Gateway  
  165  16:49  Gateway  
  165  16:51  Gateway  
  165  16:52  Dark Shrine  
  155  16:59  Stalker x3  
  155  17:00  Zealot x4, Stalker  
  155  17:01  Zealot  
Show
View Real Time Build Order
Export as new Build Order

qqq Zerg - Winner!

Build Orders: Hatch First, Brood Lord Corruptor 

Get SALT Encoding   

  12  0:01  Drone  
  13  0:08  Drone  
  14  0:22  Overlord  
  14  0:49  Hatchery  
  13  0:53  Drone x2  
  13  0:55  Drone  
  16  1:20  Spawning Pool  
  16  1:21  Drone, Extractor  
  15  1:39  Drone x2  
  17  1:40  Overlord  
  17  1:50  Drone  
  18  2:03  Drone  
  18  2:05  Drone  
  18  2:07  Queen  
  22  2:13  Queen  
  24  2:17  Drone  
  24  2:21  Drone  
  26  2:37  Drone x2  
  26  2:40  Extractor  
  26  2:43  Lair  
  27  2:45  Drone  
  27  2:46  Drone  
  27  2:48  Drone  
  27  2:51  Drone  
  31  2:56  Drone  
  31  3:11  Drone x2  
  33  3:14  Spine Crawler  
  33  3:19  Overlord  
  33  3:20  Drone  
  33  3:24  Overlord  
  33  3:28  Drone  
  34  3:44  Hatchery  
  34  3:45  Spire  
  34  3:48  Drone  
  33  3:49  Drone  
  33  3:51  Drone  
  35  3:58  Overlord  
  35  4:04  Metabolic Boost  
  35  4:06  Drone x2  
  37  4:20  Overseer  
  37  4:27  Overlord x2  
  37  4:31  Drone  
  37  4:33  Drone x3  
  37  4:34  Infestation Pit  
  37  4:36  Extractor  
  37  4:37  Extractor  
  37  4:38  Drone x3  
  41  4:44  Drone x3  
  44  5:21  Mutalisk x3  
  44  5:23  Drone x5  
  44  5:24  Drone x3  
  58  5:34  Drone  
  59  5:36  Hive  
  59  5:42  Corruptor  
  59  5:44  Drone  
  59  5:45  Drone  
  59  5:46  Queen  
  65  5:52  Spore Crawler  
  65  5:56  Corruptor  
  64  5:59  Drone  
  64  6:00  Drone  
  64  6:02  Overlord  
  64  6:03  Overlord  
  64  6:04  Spore Crawler  
  67  6:10  Zerg Flyer Weapons Level 1  
  67  6:11  Corruptor  
  67  6:13  Drone  
  70  6:21  Drone, Spore Crawler  
  70  6:26  Extractor  
  70  6:31  Drone  
  70  6:36  Hatchery  
  69  6:43  Corruptor  
  69  6:44  Mutalisk, Corruptor  
  69  6:46  Drone, Corruptor  
  76  6:47  Hatchery  
  77  6:58  Extractor  
  76  7:03  Overseer  
  76  7:06  Pneumatized Carapace  
  76  7:08  Drone x5  
  79  7:11  Mutalisk  
  83  7:36  Overlord x7  
  83  7:37  Overlord  
  83  7:49  Viper  
  86  7:52  Corruptor  
  86  7:58  Drone x4  
  92  7:59  Queen  
  94  8:07  Greater Spire  
  94  8:11  Corruptor x2  
  94  8:12  Mutalisk x2  
  102  8:20  Overseer  
  102  8:23  Viper  
  105  8:29  Drone x7, Evolution Chamber  
  105  8:30  Drone, Evolution Chamber  
  111  8:38  Drone  
  112  8:42  Extractor  
  112  8:45  Spore Crawler  
  112  8:47  Spine Crawler  
  112  8:48  Spine Crawler  
  108  8:58  Mutalisk x4  
  106  9:27  Drone x2  
  106  9:28  Drone x7  
  106  9:30  Adrenal Glands  
  106  9:33  Zerg Melee Weapons Level 1, Zerg Ground Armor Level 1  
  106  9:37  Ultralisk Cavern  
  105  9:38  Drone  
  105  9:39  Corruptor  
  105  9:40  Corruptor  
  110  9:46  Extractor  
  110  9:50  Extractor  
  110  9:51  Drone x5  
  110  9:52  Extractor  
  112  10:00  Zerg Flyer Armor Level 1  
  112  10:04  Viper  
  115  10:16  Mutalisk x2  
  115  10:17  Zergling x6  
  115  10:18  Zergling x12  
  115  10:19  Zergling x6  
  115  10:20  Drone x6  
  134  10:38  Brood Lord  
  134  10:40  Spine Crawler  
  134  10:44  Brood Lord x3, Corruptor  
  134  10:46  Drone x2  
  134  10:47  Drone x6  
  150  10:50  Overlord x4  
  150  11:17  Brood Lord x2  
  150  11:18  Brood Lord x2  
  158  11:19  Corruptor  
  158  11:21  Drone x3  
  163  11:25  Spine Crawler  
  163  11:28  Spine Crawler  
  163  11:29  Spine Crawler  
  158  11:38  Spine Crawler  
  158  11:39  Spine Crawler  
  152  11:46  Drone x5  
  152  11:47  Drone  
  157  11:58  Drone x2  
  159  12:02  Spine Crawler  
  159  12:03  Spine Crawler  
  147  12:23  Corruptor x5  
  147  12:24  Corruptor  
  147  12:25  Ultralisk  
  147  12:26  Ultralisk, Corruptor x3  
  177  12:36  Corruptor x3  
  179  12:39  Brood Lord  
  179  12:41  Overlord x5  
  149  13:44  Corruptor  
  149  13:45  Ultralisk x2, Corruptor x5  
  167  13:48  Brood Lord  
  167  13:49  Brood Lord x6  
  167  13:51  Zergling x2  
  167  13:52  Drone x2, Zergling x4  
  167  13:53  Zergling x4  
  188  14:11  Overseer  
  188  14:15  Zerg Flyer Weapons Level 2  
  188  14:17  Zerg Melee Weapons Level 2  
  188  14:19  Anabolic Synthesis  
  188  14:37  Drone x3  
  188  14:38  Corruptor x3  
  191  14:40  Overlord x3  
  191  14:41  Zergling x2  
  191  14:42  Zergling x4  
  195  15:11  Viper  
  178  15:50  Corruptor x2  
  178  15:51  Viper x3, Corruptor x3  
  178  15:52  Corruptor  
  178  15:54  Zergling x2  
  200  16:03  Corruptor x2  
  199  16:04  Corruptor  
  191  16:18  Corruptor  
  191  16:19  Mutalisk, Corruptor  
  191  16:20  Mutalisk  
  191  16:21  Mutalisk  
  198  16:43  Corruptor  
Show
View Real Time Build Order
Export as new Build Order

Massa Terran - Winner!

Build Orders:  

Get SALT Encoding   

  12  0:00  SCV  
  13  0:12  SCV  
  14  0:23  Supply Depot  
  14  0:24  SCV  
  15  0:45  SCV, Barracks  
  16  0:53  Refinery  
  16  0:57  SCV  
  17  1:09  SCV  
  18  1:21  SCV  
  19  1:33  SCV  
  19  1:36  Reaper  
  21  1:47  Orbital Command, Command Center  
  21  2:08  Marine  
  21  2:14  SCV  
  23  2:19  Supply Depot  
  23  2:23  Factory  
  23  2:34  Barracks Reactor  
  23  2:43  Command Center  
  23  2:46  SCV  
  24  2:54  Supply Depot  
  24  2:59  SCV  
  25  3:06  Orbital Command  
  25  3:12  Barracks  
  25  3:13  Factory Tech Lab  
  25  3:16  Marine  
  26  3:25  Marine  
  27  3:28  SCV  
  27  3:34  Marine, Siege Tank  
  31  3:40  SCV  
  31  3:41  SCV  
  34  3:45  Marine  
  35  3:52  SCV  
  35  3:53  SCV  
  37  3:56  Refinery  
  37  3:59  Engineering Bay  
  37  4:00  Barracks Tech Lab  
  37  4:04  SCV x2  
  37  4:05  SCV  
  37  4:09  Marine x2  
  42  4:13  Cyclone  
  45  4:18  Orbital Command  
  45  4:20  SCV  
  45  4:22  SCV  
  47  4:28  Missile Turret  
  47  4:32  SCV  
  47  4:33  Missile Turret  
  47  4:36  Missile Turret  
  47  4:38  SCV  
  49  4:40  Refinery  
  49  4:44  SCV  
  50  4:46  Cyclone  
  50  4:47  SCV  
  50  4:49  Marine  
  50  4:50  SCV, Marine  
  56  5:07  Marine  
  57  5:32  Missile Turret  
  57  5:34  Siege Tank  
  59  5:47  Starport  
  59  5:48  Terran Infantry Weapons Level 1  
  59  5:51  Armory  
  59  5:53  Orbital Command  
  59  5:56  SCV  
  59  5:57  SCV  
  61  6:05  Refinery  
  61  6:09  SCV x2  
  63  6:12  Barracks  
  63  6:13  Stimpack  
  63  6:14  Marauder, Marine x2  
  67  6:19  Barracks x2  
  67  6:21  SCV x2  
  69  6:34  Supply Depot  
  69  6:35  Supply Depot  
  69  6:36  Supply Depot x2  
  69  6:56  SCV x3, Marauder, Marine x2, Medivac, Cyclone  
  81  7:05  Supply Depot  
  81  7:08  SCV, Engineering Bay  
  82  7:09  Terran Vehicle Weapons Level 1  
  82  7:11  Barracks Tech Lab  
  82  7:12  Barracks Reactor  
  82  7:13  Barracks Tech Lab, Marine x2  
  82  7:14  Supply Depot  
  84  7:17  Marauder  
  86  7:23  Smart Servos  
  86  7:26  Starport Reactor  
  86  7:31  Marine x2  
  86  7:32  Factory  
  86  7:36  Missile Turret  
  88  7:39  Marauder, Missile Turret  
  88  7:40  SCV x2  
  88  7:41  SCV  
  93  7:45  Marauder  
  93  7:46  Marauder  
  93  7:49  Marine, Combat Shield  
  98  7:52  SCV, Concussive Shells  
  98  7:53  SCV, Terran Infantry Armor Level 1  
  100  8:00  Marauder  
  102  8:07  Marauder x2  
  102  8:09  Terran Infantry Weapons Level 2  
  106  8:14  Marine x2  
  106  8:15  Marine x2  
  110  8:22  Marauder  
  110  8:25  Supply Depot  
  110  8:26  Supply Depot  
  112  8:28  Marauder x2  
  112  8:32  Marine  
  117  8:46  Marine  
  117  8:48  Marauder, Marine x2  
  122  8:50  Marauder x2, Marine, Supply Depot x2  
  122  8:51  Siege Tank  
  130  9:04  Marine  
  130  9:06  Marine  
  130  9:09  Marauder  
  104  9:11  Marauder x2  
  104  9:13  Marine  
  104  9:14  Supply Depot  
  104  9:15  Missile Turret  
  85  9:26  Siege Tank  
  85  9:31  Marauder, Medivac  
  90  9:32  Marauder x2  
  90  9:33  Medivac  
  90  9:36  Missile Turret  
  90  9:37  Refinery  
  97  9:39  Refinery  
  97  9:43  Terran Vehicle And Ship Armor Level 1  
  97  9:48  SCV x3  
  97  9:52  Marauder, Marine x3  
  105  9:53  Command Center  
  105  9:54  Marauder x2  
  109  10:00  SCV x3  
  109  10:03  Siege Tank  
  115  10:11  Medivac x2  
  115  10:13  Marauder  
  115  10:14  Marine x4  
  122  10:15  Marauder x2  
  122  10:19  SCV x2  
  122  10:20  SCV  
  132  10:31  SCV x2, Marine  
  132  10:35  Marauder  
  129  10:36  Marauder  
  129  10:37  Marauder  
  129  10:41  Medivac x2  
  137  10:56  Marauder  
  134  11:11  Marauder x2, Marine x4, Medivac x2  
  127  11:16  Siege Tank  
  127  11:17  Marauder  
  136  11:27  Factory  
  136  11:32  Marauder x2  
  140  11:33  Factory  
  140  11:38  Planetary Fortress  
  140  11:39  SCV x2, Marauder  
  145  11:40  SCV  
  145  11:41  Medivac x2  
  145  11:43  Refinery x2  
  149  11:48  Siege Tank  
  149  11:51  SCV  
  149  11:52  Marine x4  
  149  11:53  Marauder x2  
  161  12:00  Marauder  
  159  12:10  Marine  
  159  12:15  Marauder x2  
  161  12:22  Marauder  
  163  12:36  Marauder x2  
  167  12:43  Marauder  
  169  12:48  Factory Tech Lab x2  
  169  12:52  Marine  
  169  12:53  Marine x2  
  172  13:16  Marauder  
  172  13:21  Marine  
  172  13:22  Marine  
  172  13:24  Marauder x2  
  172  13:26  Thor  
  172  13:33  Thor  
  169  13:35  Thor  
  169  13:38  Marauder  
  165  13:44  Marine x2  
  165  13:45  Marauder, Marine  
  165  13:46  Marauder  
  172  13:53  Medivac  
  172  14:07  Marine, Medivac  
  172  14:40  Missile Turret  
  172  14:41  Missile Turret  
  172  14:42  Factory Tech Lab  
  172  14:44  Missile Turret  
  172  14:49  Terran Infantry Armor Level 2  
  172  14:51  Terran Vehicle And Ship Armor Level 2  
  172  15:10  Marine  
  172  15:35  Marauder x3, Marine x4  
  170  15:37  Medivac  
  170  15:39  Medivac  
  169  15:43  Thor  
  169  15:44  Thor  
  169  15:53  Marine x3  
  169  15:55  Orbital Command  
  169  15:56  Marauder  
  171  15:58  Marauder  
  171  16:04  Marauder  
  164  16:18  Marauder  
  162  16:20  Marauder  
  162  16:25  Marauder, Thor  
  162  16:27  SCV x2  
  162  16:28  SCV x2  
  172  16:42  SCV  
  172  16:46  SCV, Marauder, Hellbat  
  172  16:47  SCV, Marauder  
  172  16:48  Marauder  
  172  16:58  SCV  
  172  16:59  SCV  
Tags
 
Add a new tag
Caveats
  • Supply blocks, unpowered buildings, or Contaminate may cause inaccurate times.
  • Supply counts are checked every 10 seconds.